[Event "XIX Najdorf Memorial 2019"]
[Site "Warsaw"]
[Date "2019.07.07"]
[Round "2.1"]
[White "Szustakowski, Antoni"]
[Black "Kanarek, Marcel"]
[Result "0-1"]
[ECO "E73"]
[WhiteElo "2279"]
[BlackElo "2493"]
[Annotator "ChessBase"]
[PlyCount "66"]
[EventDate "2019.07.06"]
[EventType "swiss"]
[EventCountry "POL"]
[SourceTitle "playchess.com"]
[Source "ChessBase"]
[SourceQuality "1"]
[TimeControl "40/5400+30:1800+30"]

1. d4 Nf6 2. c4 g6 3. Nc3 Bg7 4. e4 d6 5. Be2 O-O 6. Bg5 Na6 7. Qd2 e5 8. d5 Qe8 9. Bd1 c6 10. Nge2 cxd5 11. cxd5 b5 12. a3 Nc5 13. f3 a5 14. a4 b4 15. Nb5 Qd7 16. Nc1 Ba6 17. Be3 Bxb5 18. axb5 Qxb5 19. Be2 Qb6 20. O-O Nfd7 21. Bc4 Bh6 22. Bxh6 Nb3+ 23. Qf2 Qxf2+ 24. Rxf2 Nxa1 25. Bxf8 Kxf8 26. b3 Rc8 27. Nd3 Rxc4 28. bxc4 b3 29. Kf1 a4 30. Ke2 a3 31. Nb4 Nc2 32. Nxc2 a2 33. Rf1 b2 0-1

[Event "XIX Najdorf Memorial 2019"]
[Site "Warsaw"]
[Date "2019.07.07"]
[Round "2.2"]
[White "Efimenko, Zahar"]
[Black "Goluch, Piotr"]
[Result "0-1"]
[ECO "B13"]
[WhiteElo "2631"]
[BlackElo "2386"]
[Annotator "RC"]
[PlyCount "80"]
[EventDate "2019.07.06"]
[EventType "swiss"]
[EventCountry "POL"]
[SourceTitle "playchess.com"]
[Source "ChessBase"]
[SourceQuality "1"]
[TimeControl "40/5400+30:1800+30"]

1. e4 c6 2. d4 d5 3. exd5 cxd5 4. Nf3 Nf6 5. Ne5 g6 6. Bb5+ Nbd7 7. O-O Bg7 8. c3 O-O 9. Nf3 Ne4 10. h3 Ndf6 11. Re1 Bd7 12. Bf1 b5 13. Ne5 Be8 14. Na3 Qb6 15. Qb3 Rb8 16. Bf4 Rb7 17. Nc2 e6 18. Rad1 Nd6 19. Nd3 Nd7 20. Ne3 a5 21. a3 Nc4 22. Ng4 f6 23. Bh6 Bxh6 24. Nxh6+ Kg7 25. Ng4 g5 26. Qc2 Bg6 27. Qc1 a4 28. f4 h6 29. fxg5 hxg5 30. h4 Bh5 31. Be2 Qd6 32. Nxf6 Nxf6 33. Qxg5+ Kh7 34. Bxh5 Rg7 35. Qf4 Nxh5 36. Qxd6 Nxd6 37. Rxe6 Ne4 38. Re5 Nhg3 39. Re1 Rg4 40. Re7+ Kg8 0-1

[Event "XIX Najdorf Memorial 2019"]
[Site "Warsaw"]
[Date "2019.07.07"]
[Round "2.2"]
[White "Popovic, Dusan"]
[Black "Piotrowski, Przemyslaw"]
[Result "1-0"]
[ECO "A48"]
[WhiteElo "2487"]
[BlackElo "2273"]
[Annotator "ChessBase"]
[PlyCount "79"]
[EventDate "2019.07.06"]
[EventType "swiss"]
[EventCountry "POL"]
[SourceTitle "playchess.com"]
[Source "ChessBase"]
[SourceQuality "1"]
[TimeControl "40/5400+30:1800+30"]

1. d4 Nf6 2. Nf3 g6 3. Nbd2 d5 4. b4 a5 5. b5 c6 6. e3 Bg7 7. c4 cxb5 8. cxb5 Nbd7 9. Be2 O-O 10. Bb2 a4 11. Rc1 Nb6 12. Ne5 Ne8 13. h4 Nd6 14. h5 Bd7 15. hxg6 fxg6 16. Bd3 Bf5 17. Qe2 Bxd3 18. Qxd3 Qe8 19. e4 Bxe5 20. dxe5 Nxe4 21. Nxe4 dxe4 22. Qh3 Qf7 23. Bd4 e3 24. f3 h5 25. Bxb6 Qxa2 26. O-O e2 27. Rfe1 Rf5 28. Qg3 Kh7 29. Rc7 Qe6 30. Bc5 Rf7 31. Ba3 Qb3 32. e6 Qxe6 33. Qf2 Qb3 34. Rxe7 Rxe7 35. Bxe7 Re8 36. Bf6 Qxb5 37. Ba1 Qb4 38. f4 a3 39. f5 a2 40. fxg6+ 1-0

[Event "XIX Najdorf Memorial 2019"]
[Site "Warsaw"]
[Date "2019.07.07"]
[Round "2.3"]
[White "Jacobsen, Mikkel Manosri"]
[Black "Tomczak, Jacek"]
[Result "0-1"]
[ECO "E11"]
[WhiteElo "2343"]
[BlackElo "2623"]
[Annotator "RC"]
[PlyCount "70"]
[EventDate "2019.07.06"]
[EventType "swiss"]
[EventCountry "POL"]
[SourceTitle "playchess.com"]
[Source "ChessBase"]
[SourceQuality "1"]
[TimeControl "40/5400+30:1800+30"]

1. d4 Nf6 2. c4 e6 3. Nf3 Bb4+ 4. Nbd2 O-O 5. a3 Be7 6. e4 d6 7. Be2 Nbd7 8. O-O e5 9. b4 exd4 10. Nxd4 a5 11. Bb2 c5 12. Nf5 axb4 13. axb4 Rxa1 14. Qxa1 cxb4 15. g4 Nc5 16. Kh1 Bxf5 17. exf5 Re8 18. Bf3 Nfd7 19. Ne4 Nxe4 20. Bxe4 Nc5 21. Bd5 Bf6 22. f4 Bxb2 23. Qxb2 Qh4 24. Qd2 Qh3 25. Rg1 b3 26. f6 Qe3 27. Qxe3 Rxe3 28. g5 b2 29. g6 hxg6 30. f5 g5 31. Rb1 Nd3 32. Kg1 Re1+ 33. Rxe1 Nxe1 34. Be4 Nf3+ 35. Kf2 Nd2 0-1

[Event "XIX Najdorf Memorial 2019"]
[Site "Warsaw"]
[Date "2019.07.07"]
[Round "2.3"]
[White "Pacan-Milej, Kosma"]
[Black "Harsha Bharathakoti"]
[Result "0-1"]
[ECO "A50"]
[WhiteElo "2272"]
[BlackElo "2486"]
[Annotator "ChessBase"]
[PlyCount "178"]
[EventDate "2019.07.06"]
[EventType "swiss"]
[EventCountry "POL"]
[SourceTitle "playchess.com"]
[Source "ChessBase"]
[SourceQuality "1"]
[TimeControl "40/5400+30:1800+30"]

1. d4 Nf6 2. c4 g6 3. f3 Bg7 4. e4 d6 5. Ne2 O-O 6. Be3 c5 7. Qd2 Nc6 8. d5 Ne5 9. Nec3 Nh5 10. Be2 f5 11. exf5 gxf5 12. Na3 f4 13. Bf2 Qe8 14. O-O-O Qg6 15. Rhg1 a6 16. Na4 b5 17. Nb6 Rb8 18. Nxc8 Rfxc8 19. cxb5 axb5 20. Nxb5 Rb7 21. Qc2 Qf7 22. Be1 Rcb8 23. a4 Nf6 24. Qf5 Ra8 25. Bc3 Nfd7 26. Qxf7+ Kxf7 27. a5 c4 28. Na3 Nd3+ 29. Bxd3 cxd3 30. Bxg7 Kxg7 31. Rxd3 Rxa5 32. Rgd1 Nc5 33. Rc3 Na4 34. Rc2 Nb6 35. Rcd2 Rc5+ 36. Kb1 Na4 37. Ka1 Ra5 38. Re1 Nc3 39. bxc3 Rxa3+ 40. Ra2 Rxc3 41. Rb2 Ra7+ 42. Kb1 Rc4 43. Rbe2 Rb7+ 44. Rb2 Ra7 45. Rbe2 Rb7+ 46. Rb2 Rbc7 47. Rbe2 Rb4+ 48. Rb2 Rd4 49. Rbe2 Rb4+ 50. Rb2 Ra4 51. Rbe2 Kf7 52. Re4 Rb7+ 53. Kc2 Ra2+ 54. Kc3 Rxg2 55. Rxf4+ Ke8 56. Rh4 Rg7 57. Rh6 Kf8 58. Re4 Rf7 59. f4 Rb5 60. Kc4 Ra5 61. Rhe6 Ra2 62. h3 Ra4+ 63. Kb5 Ra3 64. h4 Rc3 65. Kb6 Rc5 66. Ra4 Rxd5 67. Ra8+ Kg7 68. Ra7 Rh5 69. Rexe7 Rxe7 70. Rxe7+ Kf6 71. Re8 Rxh4 72. Kc6 Rxf4 73. Rf8+ Ke5 74. Re8+ Kd4 75. Kxd6 h5 76. Ra8 h4 77. Ra3 Rf6+ 78. Ke7 Rh6 79. Ra4+ Ke5 80. Ra5+ Kf4 81. Ra4+ Kg5 82. Ra5+ Kg6 83. Ra6+ Kh7 84. Ra1 h3 85. Kf7 h2 86. Rh1 Rh5 87. Kf6 Kh6 88. Ke6 Kg5 89. Ke5 Kg4+ 0-1

[Event "XIX Najdorf Memorial 2019"]
[Site "Warsaw"]
[Date "2019.07.07"]
[Round "2.4"]
[White "Dragun, Kamil"]
[Black "Malek, Daniel"]
[Result "1-0"]
[ECO "A18"]
[WhiteElo "2604"]
[BlackElo "2362"]
[Annotator "RC"]
[PlyCount "98"]
[EventDate "2019.07.06"]
[EventType "swiss"]
[EventCountry "POL"]
[SourceTitle "playchess.com"]
[Source "ChessBase"]
[SourceQuality "1"]
[TimeControl "40/5400+30:1800+30"]

1. c4 Nf6 2. Nc3 e6 3. e4 d5 4. cxd5 exd5 5. e5 Ne4 6. Nf3 Bf5 7. d3 Nxc3 8. bxc3 c5 9. d4 Nc6 10. Bd3 Bxd3 11. Qxd3 cxd4 12. cxd4 Bb4+ 13. Bd2 Bxd2+ 14. Qxd2 O-O 15. O-O Rc8 16. Rfe1 Re8 17. Rab1 Qd7 18. Qd3 h6 19. Nh4 Ne7 20. h3 Rc6 21. f4 g6 22. Rf1 Rec8 23. f5 Rc3 24. Qb5 Qxb5 25. Rxb5 g5 26. f6 gxh4 27. fxe7 R3c7 28. Rxd5 Rxe7 29. Rf4 Rc6 30. a4 Rg6 31. Rxh4 Kg7 32. Rf4 f6 33. Rxf6 Rxf6 34. exf6+ Kxf6 35. Kf2 Rc7 36. Rh5 Rc2+ 37. Kf3 Kg6 38. Rd5 Kf6 39. h4 Rd2 40. Rd6+ Ke7 41. Rxh6 Rxd4 42. a5 Ra4 43. Rh5 Kf6 44. g3 Rb4 45. a6 bxa6 46. Rh6+ Ke5 47. Rxa6 Rb7 48. h5 Rc7 49. Kg4 Kd5 1-0

[Event "XIX Najdorf Memorial 2019"]
[Site "Warsaw"]
[Date "2019.07.07"]
[Round "2.4"]
[White "Gagare, Shardul"]
[Black "Chomczyk, Marek"]
[Result "1-0"]
[ECO "D38"]
[WhiteElo "2476"]
[BlackElo "2270"]
[Annotator "ChessBase"]
[PlyCount "119"]
[EventDate "2019.07.06"]
[EventType "swiss"]
[EventCountry "POL"]
[SourceTitle "playchess.com"]
[Source "ChessBase"]
[SourceQuality "1"]
[TimeControl "40/5400+30:1800+30"]

1. Nf3 Nf6 2. c4 e6 3. d4 d5 4. Nc3 Bb4 5. Bg5 h6 6. Bxf6 Qxf6 7. Qa4+ Nc6 8. e3 O-O 9. Be2 Rd8 10. O-O Bf8 11. Rac1 a6 12. Rfd1 Qg6 13. a3 dxc4 14. Qxc4 Bd6 15. Bd3 Qh5 16. Ne4 Bd7 17. Nc5 Bxc5 18. Qxc5 Qxc5 19. Rxc5 Rac8 20. Rdc1 Be8 21. Be4 f6 22. d5 exd5 23. Bxd5+ Kf8 24. Bxc6 Bxc6 25. Nd4 Rd6 26. Nxc6 Rxc6 27. Rxc6 bxc6 28. Rxc6 Rb8 29. Rc2 Rb7 30. Kf1 a5 31. Ke2 Ke7 32. Kd2 Kd6 33. Kc3 Rb5 34. Rd2+ Kc6 35. Rd4 Rf5 36. f4 h5 37. g3 Rb5 38. e4 h4 39. a4 Rb8 40. Rc4+ Kd6 41. e5+ fxe5 42. fxe5+ Kxe5 43. Rxc7 hxg3 44. hxg3 Rb4 45. Rc4 Rb6 46. Rc5+ Ke4 47. g4 Ra6 48. b4 axb4+ 49. Kxb4 Ra8 50. a5 Rb8+ 51. Rb5 Ra8 52. g5 Kf4 53. g6 Ra6 54. Rb6 Ra7 55. a6 Kf5 56. Kb5 Ra8 57. Rc6 Rb8+ 58. Kc5 Rb1 59. a7 Ra1 60. Kb6 1-0

[Event "XIX Najdorf Memorial 2019"]
[Site "Warsaw"]
[Date "2019.07.07"]
[Round "2.5"]
[White "Czerw, Dawid"]
[Black "Bernadskiy, Vitaliy"]
[Result "1/2-1/2"]
[ECO "E46"]
[WhiteElo "2326"]
[BlackElo "2594"]
[Annotator "ChessBase"]
[PlyCount "56"]
[EventDate "2019.07.06"]
[EventType "swiss"]
[EventCountry "POL"]
[SourceTitle "playchess.com"]
[Source "ChessBase"]
[SourceQuality "1"]
[TimeControl "40/5400+30:1800+30"]

1. d4 Nf6 2. c4 e6 3. Nc3 Bb4 4. e3 O-O 5. Nge2 d5 6. a3 Bd6 7. c5 Be7 8. b4 b6 9. Nf4 c6 10. Nd3 a5 11. Bb2 Ba6 12. f4 Bc4 13. Ne5 Bxf1 14. Rxf1 Nfd7 15. Nd3 Na6 16. Kf2 Qc8 17. Kg1 bxc5 18. bxc5 Nc7 19. Qe2 Qa6 20. Rfb1 f6 21. Nf2 Qc8 22. e4 Re8 23. e5 Rf8 24. Bc1 Rb8 25. Bd2 Kh8 26. a4 g5 27. Nd3 fxe5 28. fxe5 Qa6 1/2-1/2

[Event "XIX Najdorf Memorial 2019"]
[Site "Warsaw"]
[Date "2019.07.07"]
[Round "2.6"]
[White "Abdumalik, Zhansaya"]
[Black "Bus, Konrad"]
[Result "1-0"]
[ECO "B12"]
[WhiteElo "2458"]
[BlackElo "2264"]
[Annotator "ChessBase"]
[PlyCount "73"]
[EventDate "2019.07.06"]
[EventType "swiss"]
[EventCountry "POL"]
[SourceTitle "playchess.com"]
[Source "ChessBase"]
[SourceQuality "1"]
[TimeControl "40/5400+30:1800+30"]

1. e4 c6 2. d4 d5 3. e5 Bf5 4. h4 Qc7 5. g4 Bd7 6. Bg2 c5 7. Nc3 e6 8. Nf3 Nc6 9. Be3 cxd4 10. Bxd4 Nxd4 11. Qxd4 Bc5 12. Qf4 Ne7 13. h5 h6 14. a3 f6 15. Ne2 O-O 16. exf6 Qxf4 17. Nxf4 Rxf6 18. Nd3 Bb6 19. O-O-O Raf8 20. Nfe5 Bb5 21. f3 Rc8 22. Kb1 Rc7 23. f4 Bd4 24. Nf3 Be3 25. g5 Rf8 26. Bh3 Nf5 27. gxh6 gxh6 28. Nfe5 Be8 29. Rde1 Bb6 30. Ng6 Bxg6 31. hxg6 Ne3 32. Bxe6+ Kg7 33. Rh2 Rc6 34. Bf7 d4 35. Ne5 Rc7 36. Reh1 Rh8 37. Bb3 1-0

[Event "XIX Najdorf Memorial 2019"]
[Site "Warsaw"]
[Date "2019.07.07"]
[Round "2.6"]
[White "Kowalski, Igor"]
[Black "Yuffa, Daniil"]
[Result "0-1"]
[ECO "E71"]
[WhiteElo "2320"]
[BlackElo "2582"]
[Annotator "ChessBase"]
[PlyCount "114"]
[EventDate "2019.07.06"]
[EventType "swiss"]
[EventCountry "POL"]
[SourceTitle "playchess.com"]
[Source "ChessBase"]
[SourceQuality "1"]
[TimeControl "40/5400+30:1800+30"]

1. d4 Nf6 2. c4 g6 3. Nc3 Bg7 4. e4 d6 5. h3 O-O 6. Be3 c5 7. d5 e6 8. Bd3 Na6 9. Nf3 Nc7 10. a4 Na6 11. O-O Nb4 12. Be2 Re8 13. e5 dxe5 14. Bxc5 Na6 15. Ba3 e4 16. Ne1 exd5 17. cxd5 e3 18. fxe3 Rxe3 19. Bxa6 bxa6 20. Bc5 Rg3 21. Bf2 Rg5 22. Qd2 Rf5 23. Nc2 Bb7 24. Bd4 Rxf1+ 25. Rxf1 Nxd5 26. Bxg7 Kxg7 27. Nxd5 Qxd5 28. Qc3+ Kg8 29. Ne3 Qe4 30. Rf2 Rc8 31. Qf6 Qe6 32. Qd4 Rc1+ 33. Kh2 Qb6 34. Qf4 Qc7 35. a5 f5 36. Qxc7 Rxc7 37. Rf4 Be4 38. h4 h6 39. Rf2 Kg7 40. Rd2 Rb7 41. Kg3 Kf7 42. Nc4 Rb4 43. Ne5+ Kf6 44. Nd7+ Ke7 45. Nc5 Bc6 46. Nxa6 Rg4+ 47. Kh3 Rc4 48. b4 Bb5 49. Nc5 Rxb4 50. g3 Bc6 51. Nd3 Rb1 52. Nf2 Ra1 53. Re2+ Kd6 54. Rd2+ Bd5 55. g4 Rxa5 56. gxf5 gxf5 57. Kg3 Ra3+ 0-1

[Event "XIX Najdorf Memorial 2019"]
[Site "Warsaw"]
[Date "2019.07.07"]
[Round "2.7"]
[White "Fedorov, Alexei"]
[Black "Oglaza, Oskar"]
[Result "1-0"]
[ECO "B23"]
[WhiteElo "2551"]
[BlackElo "2345"]
[Annotator "ChessBase"]
[PlyCount "57"]
[EventDate "2019.07.06"]
[EventType "swiss"]
[EventCountry "POL"]
[SourceTitle "playchess.com"]
[Source "ChessBase"]
[SourceQuality "1"]
[TimeControl "40/5400+30:1800+30"]

1. e4 c5 2. Nc3 a6 3. g3 b5 4. Bg2 Bb7 5. Nh3 b4 6. Na4 e5 7. c3 Nc6 8. O-O d6 9. f4 Nf6 10. fxe5 dxe5 11. d3 Be7 12. Be3 Qa5 13. cxb4 cxb4 14. Rc1 O-O 15. Rxf6 gxf6 16. Nb6 Rad8 17. Nd5 Rfe8 18. Qg4+ Kh8 19. Bb6 Qb5 20. Bxd8 Bxd8 21. Rf1 Nd4 22. Nxf6 Bxf6 23. Rxf6 Bc8 24. Qh5 Qxd3 25. Ng5 Ne2+ 26. Kf2 Qd4+ 27. Ke1 Qg1+ 28. Rf1 Qe3 29. Qxh7# 1-0

[Event "XIX Najdorf Memorial 2019"]
[Site "Warsaw"]
[Date "2019.07.07"]
[Round "2.7"]
[White "Wisniewski, Michal"]
[Black "Galperin, Platon"]
[Result "0-1"]
[ECO "A09"]
[WhiteElo "2103"]
[BlackElo "2445"]
[Annotator "NA"]
[PlyCount "64"]
[EventDate "2019.07.06"]
[EventType "swiss"]
[EventCountry "POL"]
[SourceTitle "playchess.com"]
[Source "ChessBase"]
[SourceQuality "1"]
[TimeControl "40/5400+30:1800+30"]

1. Nf3 d5 2. c4 d4 3. e3 Nc6 4. exd4 Nxd4 5. Nxd4 Qxd4 6. Nc3 c6 7. d3 Nh6 8. Be2 g6 9. Be3 Qd8 10. g4 Bg7 11. h3 f5 12. d4 Nf7 13. f4 Qc7 14. Qb3 Be6 15. O-O-O O-O 16. d5 Bd7 17. c5 Rab8 18. h4 b6 19. d6 Qd8 20. Bc4 exd6 21. Rxd6 bxc5 22. Bxf7+ Kh8 23. Qc4 Qe7 24. Rxd7 Qxe3+ 25. Kc2 Qf2+ 26. Rd2 Rxb2+ 27. Kxb2 Qxd2+ 28. Kb3 Rb8+ 29. Ka4 Qc2+ 30. Ka5 Bxc3+ 31. Ka6 Qb2 32. Qxc5 Rd8 0-1

[Event "XIX Najdorf Memorial 2019"]
[Site "Warsaw"]
[Date "2019.07.07"]
[Round "2.8"]
[White "Socko, Monika"]
[Black "Jarocka, Liwia"]
[Result "1-0"]
[ECO "E10"]
[WhiteElo "2443"]
[BlackElo "2102"]
[Annotator "NA"]
[PlyCount "63"]
[EventDate "2019.07.06"]
[EventType "swiss"]
[EventCountry "POL"]
[SourceTitle "playchess.com"]
[Source "ChessBase"]
[SourceQuality "1"]
[TimeControl "40/5400+30:1800+30"]

1. d4 Nf6 2. c4 e6 3. Nf3 d5 4. g3 Bb4+ 5. Nbd2 O-O 6. Bg2 b6 7. O-O Bb7 8. b3 Nbd7 9. Bb2 Rc8 10. Ne5 Bd6 11. cxd5 exd5 12. Ndc4 Be7 13. Ne3 c5 14. Nf5 cxd4 15. Nxd7 Nxd7 16. Nxe7+ Qxe7 17. Qxd4 Nf6 18. e3 Rc2 19. Rab1 Rd8 20. Rfd1 Qe6 21. Qf4 Ne8 22. Be4 Rc7 23. Qh4 h6 24. Qxd8 Qxe4 25. Bd4 Rc8 26. Qh4 Qxh4 27. gxh4 Nd6 28. Rbc1 Nf5 29. Rxc8+ Bxc8 30. Rc1 Be6 31. Rc7 Nxh4 32. Rxa7 1-0

[Event "XIX Najdorf Memorial 2019"]
[Site "Warsaw"]
[Date "2019.07.07"]
[Round "2.8"]
[White "Hassan, Abdullah"]
[Black "Shevchenko, Kirill"]
[Result "0-1"]
[ECO "A47"]
[WhiteElo "2311"]
[BlackElo "2536"]
[Annotator "ChessBase"]
[PlyCount "120"]
[EventDate "2019.07.06"]
[EventType "swiss"]
[EventCountry "POL"]
[SourceTitle "playchess.com"]
[Source "ChessBase"]
[SourceQuality "1"]
[TimeControl "40/5400+30:1800+30"]

1. d4 Nf6 2. Nf3 b6 3. e3 Bb7 4. Bd3 g6 5. O-O Bg7 6. c4 O-O 7. Nc3 d5 8. b3 c5 9. Bb2 cxd4 10. exd4 Nc6 11. Re1 Rc8 12. Ba3 Re8 13. Rc1 a6 14. Bf1 dxc4 15. bxc4 Na5 16. Ne5 Nd7 17. Na4 Bc6 18. Nxc6 Nxc6 19. d5 Nd4 20. Bb2 e5 21. dxe6 Rxe6 22. Rxe6 Nxe6 23. Bxg7 Kxg7 24. Rb1 Rc6 25. Qf3 Rd6 26. Nc3 Nf6 27. h3 Nc5 28. Rd1 Rxd1 29. Qxd1 Qxd1 30. Nxd1 Kf8 31. f3 Ke7 32. Kf2 Kd6 33. Ke3 Na4 34. Kd4 Ne8 35. Nf2 Nc5 36. g3 Ng7 37. g4 Nge6+ 38. Ke3 Ke5 39. h4 f5 40. gxf5 gxf5 41. Nh3 f4+ 42. Kd2 Nd4 43. Be2 h5 44. Ng5 Nf5 45. Nf7+ Kf6 46. Nd8 Nxh4 47. Nc6 Nf5 48. Bf1 Ne3 49. Bh3 Nxc4+ 50. Ke2 b5 51. Nb4 Ke5 52. Nc6+ Kd6 53. Nd4 b4 54. Nf5+ Ke5 55. Ne7 a5 56. Ng6+ Kd4 57. Nxf4 a4 58. Kd1 Nd3 59. Nxh5 b3 60. axb3 a3 0-1

[Event "XIX Najdorf Memorial 2019"]
[Site "Warsaw"]
[Date "2019.07.07"]
[Round "2.9"]
[White "Heberla, Bartlomiej"]
[Black "Fus, Jakub"]
[Result "1-0"]
[ECO "A45"]
[WhiteElo "2534"]
[BlackElo "2341"]
[Annotator "ChessBase"]
[PlyCount "57"]
[EventDate "2019.07.06"]
[EventType "swiss"]
[EventCountry "POL"]
[SourceTitle "playchess.com"]
[Source "ChessBase"]
[SourceQuality "1"]
[TimeControl "40/5400+30:1800+30"]

1. d4 Nf6 2. Bg5 d5 3. e3 e6 4. Nf3 Nbd7 5. Nbd2 Be7 6. Bd3 c5 7. c3 b6 8. O-O Bb7 9. Qb1 O-O 10. Ne5 h6 11. Bxf6 Nxf6 12. f4 Nd7 13. Ndf3 Nf6 14. Nd2 Nd7 15. Qd1 c4 16. Bc2 b5 17. Qh5 Nf6 18. Qh3 b4 19. Rf3 bxc3 20. bxc3 Qa5 21. e4 dxe4 22. Rg3 Kh8 23. f5 exf5 24. Qxf5 Qd5 25. Ndxc4 Rac8 26. Bb3 Qd8 27. Nxf7+ Rxf7 28. Ne5 Bd5 29. Bxd5 1-0

[Event "XIX Najdorf Memorial 2019"]
[Site "Warsaw"]
[Date "2019.07.07"]
[Round "2.9"]
[White "Pettersson, Alexander"]
[Black "Romanishin, Oleg M"]
[Result "0-1"]
[ECO "E11"]
[WhiteElo "2083"]
[BlackElo "2443"]
[Annotator "NA"]
[PlyCount "86"]
[EventDate "2019.07.06"]
[EventType "swiss"]
[EventCountry "POL"]
[SourceTitle "playchess.com"]
[Source "ChessBase"]
[SourceQuality "1"]
[TimeControl "40/5400+30:1800+30"]

1. d4 Nf6 2. c4 e6 3. Nf3 Bb4+ 4. Nbd2 b6 5. a3 Bxd2+ 6. Bxd2 Bb7 7. Bg5 d6 8. e3 Nbd7 9. Be2 h6 10. Bh4 g5 11. Bg3 Ne4 12. d5 e5 13. Nd2 Ndf6 14. Bd3 Nxd2 15. Qxd2 Qe7 16. Bf5 Bc8 17. Qc2 Bd7 18. b4 e4 19. Bxd7+ Nxd7 20. O-O O-O 21. f4 exf3 22. Rxf3 Ne5 23. Bxe5 Qxe5 24. Raf1 Kg7 25. Qf2 f6 26. Rf5 Qc3 27. h4 Rae8 28. hxg5 hxg5 29. e4 Qxc4 30. Qb2 Re5 31. Qf2 Rxf5 32. Qxf5 Qd4+ 33. Rf2 Rf7 34. g3 Qa1+ 35. Kg2 Qxa3 36. Rf1 Qb2+ 37. Kf3 Qc3+ 38. Kg4 Qe5 39. Qf3 Re7 40. Re1 a5 41. bxa5 bxa5 42. Qf1 a4 43. Kf3 f5 0-1

[Event "XIX Najdorf Memorial 2019"]
[Site "Warsaw"]
[Date "2019.07.07"]
[Round "2.10"]
[White "Baum, Jonasz"]
[Black "Noe, Christopher"]
[Result "1/2-1/2"]
[ECO "D20"]
[WhiteElo "2308"]
[BlackElo "2534"]
[Annotator "ChessBase"]
[PlyCount "79"]
[EventDate "2019.07.06"]
[EventType "swiss"]
[EventCountry "POL"]
[SourceTitle "playchess.com"]
[Source "ChessBase"]
[SourceQuality "1"]
[TimeControl "40/5400+30:1800+30"]

1. d4 d5 2. c4 dxc4 3. e4 e5 4. Nf3 exd4 5. Bxc4 Bb4+ 6. Bd2 Bxd2+ 7. Nbxd2 Nc6 8. O-O Nf6 9. e5 Nd5 10. Nb3 O-O 11. Nbxd4 Nxd4 12. Nxd4 Nb6 13. Bb3 c5 14. Nb5 c4 15. Bc2 Qh4 16. Nd6 Be6 17. Be4 Rad8 18. Qe2 Rd7 19. Bxb7 Rc7 20. Bf3 Nd7 21. g3 Qg5 22. Rfe1 Rd8 23. Rad1 Qxe5 24. Qxe5 Nxe5 25. Rxe5 Rcd7 26. Ra5 Rxd6 27. Rxd6 Rxd6 28. Rxa7 Kf8 29. Kg2 Rb6 30. Rb7 Ra6 31. a3 c3 32. bxc3 Rxa3 33. Rc7 Ke8 34. h3 Kd8 35. Rc5 Ke7 36. h4 Kd6 37. Rc6+ Kd7 38. Rc5 Kd6 39. Rc6+ Kd7 40. Rc5 1/2-1/2

[Event "XIX Najdorf Memorial 2019"]
[Site "Warsaw"]
[Date "2019.07.07"]
[Round "2.10"]
[White "Sliwerski, Radoslaw"]
[Black "Nguyen, Piotr"]
[Result "0-1"]
[ECO "E63"]
[WhiteElo "2010"]
[BlackElo "2420"]
[Annotator "NA"]
[PlyCount "76"]
[EventDate "2019.07.06"]
[EventType "swiss"]
[EventCountry "POL"]
[SourceTitle "playchess.com"]
[Source "ChessBase"]
[SourceQuality "1"]
[TimeControl "40/5400+30:1800+30"]

1. d4 Nf6 2. c4 g6 3. g3 Bg7 4. Bg2 O-O 5. Nf3 d6 6. O-O Nc6 7. Nc3 a6 8. h3 Rb8 9. e4 b5 10. e5 dxe5 11. dxe5 Nd7 12. e6 fxe6 13. cxb5 axb5 14. Ng5 Nd4 15. Be3 Nc5 16. Rc1 e5 17. b4 Na6 18. a3 c5 19. bxc5 Nxc5 20. Nd5 Qd6 21. Re1 e6 22. Nb4 h6 23. Ne4 Nxe4 24. Bxe4 Bb7 25. Nc6 Rbc8 26. Nxd4 Rxc1 27. Qxc1 Bxe4 28. Nxb5 Qd3 29. a4 Bb7 30. Kh2 Qe4 31. Rg1 Qxa4 32. Nd6 Bd5 33. Qc7 Qa2 34. Qa7 Qe2 35. Qc5 Rf3 36. Qc8+ Rf8 37. Qc5 Rf3 38. Qc8+ Bf8 0-1

[Event "XIX Najdorf Memorial 2019"]
[Site "Warsaw"]
[Date "2019.07.07"]
[Round "2.11"]
[White "Jakubowski, Krzysztof"]
[Black "Paszewski, Mateusz"]
[Result "1-0"]
[ECO "A06"]
[WhiteElo "2528"]
[BlackElo "2324"]
[Annotator "ChessBase"]
[PlyCount "71"]
[EventDate "2019.07.06"]
[EventType "swiss"]
[EventCountry "POL"]
[SourceTitle "playchess.com"]
[Source "ChessBase"]
[SourceQuality "1"]
[TimeControl "40/5400+30:1800+30"]

1. Nf3 d5 2. b3 Bg4 3. e3 Nf6 4. Bb2 Nbd7 5. h3 Bh5 6. d3 e6 7. Be2 h6 8. Nbd2 Bg6 9. O-O Bd6 10. e4 dxe4 11. dxe4 Nxe4 12. Bxg7 Rg8 13. Bb2 Nxd2 14. Qxd2 Qe7 15. Qxh6 Bxc2 16. Qe3 Nb6 17. Nd4 Bh7 18. Bb5+ Nd7 19. Bxd7+ Qxd7 20. Nf3 O-O-O 21. Bf6 Rde8 22. Ne5 Bxe5 23. Bxe5 Kb8 24. Rac1 Rc8 25. Rfd1 Qe7 26. Qd4 Qg5 27. g3 b6 28. Rc6 Qf5 29. Rxb6+ axb6 30. Qxb6+ Ka8 31. Qa6+ Kb8 32. Qb6+ Ka8 33. Qc6+ Kb8 34. Rd4 Qb1+ 35. Kh2 Qe1 36. Qb6+ 1-0

[Event "XIX Najdorf Memorial 2019"]
[Site "Warsaw"]
[Date "2019.07.07"]
[Round "2.11"]
[White "Menezes, Christoph"]
[Black "Goslawski, Michal"]
[Result "0-1"]
[ECO "A05"]
[WhiteElo "2413"]
[BlackElo "2091"]
[Annotator "NA"]
[PlyCount "130"]
[EventDate "2019.07.06"]
[EventType "swiss"]
[EventCountry "POL"]
[SourceTitle "playchess.com"]
[Source "ChessBase"]
[SourceQuality "1"]
[TimeControl "40/5400+30:1800+30"]

1. Nf3 Nf6 2. c4 e6 3. Nc3 d5 4. e3 Nbd7 5. b3 b6 6. Bb2 Bb7 7. cxd5 exd5 8. d4 Bd6 9. g3 O-O 10. Bg2 Re8 11. O-O a6 12. Ne2 Ne4 13. Nf4 Qe7 14. Nd3 Rad8 15. Rc1 f6 16. Re1 Qf7 17. Rc2 Nf8 18. Qc1 Qe7 19. Rd1 Ng6 20. Nfe1 h5 21. Re2 h4 22. Nf4 Nxf4 23. exf4 hxg3 24. hxg3 Qf7 25. Nc2 Re7 26. Ne3 g6 27. Nf1 f5 28. Nh2 Qh7 29. Nf3 Qh5 30. Ba3 c5 31. Rde1 Rde8 32. Nh4 Kh7 33. Bb2 Qg4 34. Bf3 Qh3 35. Bg2 Qg4 36. Re3 Kg8 37. Nf3 Rc8 38. Qb1 c4 39. bxc4 dxc4 40. Nh2 Qh5 41. f3 Nd2 42. Qc1 Rh7 43. Qxd2 Qxh2+ 44. Kf2 Bd5 45. Re6 Bxe6 46. Rxe6 c3 47. Bxc3 Rhc7 48. Re3 Qh8 49. Qe1 Kf7 50. Qd2 Qf6 51. Qb2 Kg7 52. Qb3 Qf7 53. Qb2 b5 54. a3 Re7 55. d5+ Kg8 56. Be5 Bxe5 57. fxe5 Qxd5 58. f4 Qc5 59. Qb3+ Kg7 60. g4 Qc2+ 61. Qxc2 Rxc2+ 62. Kg3 Rec7 63. gxf5 gxf5 64. Re1 R7c3+ 65. Kh2 Kf8 0-1

[Event "XIX Najdorf Memorial 2019"]
[Site "Warsaw"]
[Date "2019.07.07"]
[Round "2.12"]
[White "Roseneck, Jonas"]
[Black "Harazinska, Magdalena"]
[Result "0-1"]
[ECO "B90"]
[WhiteElo "2398"]
[BlackElo "2004"]
[Annotator "NA"]
[PlyCount "64"]
[EventDate "2019.07.06"]
[EventType "swiss"]
[EventCountry "POL"]
[SourceTitle "playchess.com"]
[Source "ChessBase"]
[SourceQuality "1"]
[TimeControl "40/5400+30:1800+30"]

1. e4 c5 2. Nf3 d6 3. d4 cxd4 4. Nxd4 Nf6 5. Nc3 a6 6. f3 e6 7. Be3 b5 8. Qd2 Bb7 9. g4 Nfd7 10. O-O-O Nb6 11. Nb3 N8d7 12. Na5 Qc7 13. a3 Be7 14. g5 O-O 15. h4 Ne5 16. Qf2 Nbc4 17. Nxc4 Nxc4 18. Bxc4 Qxc4 19. h5 a5 20. g6 b4 21. Rd4 Qc6 22. axb4 axb4 23. Rxb4 Ra1+ 24. Nb1 d5 25. Rb6 Qc7 26. h6 fxg6 27. hxg7 Kxg7 28. e5 Rf5 29. Rxe6 d4 30. Bxd4 Bxf3 31. Rg1 Be4 32. Qd2 Bg5 0-1